 Dungeon Crawl Stone Soup version 0.28.0 (webtiles) character file.

Game seed: 15915202214662199513

83 Acheron the Ducker (level 4, -1/35 HPs)
             Began as a Ghoul Fire Elementalist on Feb 17, 2022.
             Was a Plaything of Xom.
             Slain by Terence (3 damage)
             ... on level 2 of the Dungeon.
             The game lasted 00:10:30 (1365 turns).

Acheron the Ducker (Ghoul Fire Elementalist)        Turns: 1365, Time: 00:10:31

Health: -1/35      AC:  6    Str: 11    XL:     4   Next: 44%
Magic:  5/5        EV: 10    Int: 10    God:    Xom [..*...]
Gold:   68         SH:  0    Dex: 11    Spells: 5/6 levels left

rFire   . . .      SeeInvis .     - Unarmed
rCold   + . .      Faith    .   (no shield)
rNeg    + + +      Spirit   .   f - +0 ring mail
rPois   ∞          Reflect  .   (no helmet)
rElec   .          Harm     .   (no cloak)
rCorr   .          Rampage  .   (no gloves)
Will    .....                   o - +0 pair of boots
Stlth   +.........              (no amulet)
HPRegen 0.00/turn               (no ring)
MPRegen 0.09/turn               (no ring)

@: inhibited regen
A: claws 1, cold resistance 1, negative energy resistance 3, inhibited
regeneration, torment resistance 2
a: Renounce Religion


You were on level 2 of the Dungeon.
You worshipped Xom.
You were a toy of Xom.
You visited 1 branch of the dungeon, and saw 3 of its levels.

You collected 68 gold pieces.

Inventory:

Hand Weapons
 b - a +0 trident
 g - a +0 short sword
 h - a +5 mace of protection
 l - a +0 hand axe
Missiles
 c - 34 stones
 d - 23 sling bullets
 i - 19 bolts
 w - 5 javelins (quivered)
Armour
 a - a +0 robe
 f - a +0 ring mail (worn)
 o - a +0 pair of boots (worn)
 t - a +0 pair of gloves
Jewellery
 r - a ring of see invisible
Scrolls
 e - a scroll of enchant weapon {unknown}
 j - a scroll of vulnerability {unknown}
 k - a scroll of noise {unknown}
 n - a scroll of enchant armour {unknown}
 q - a scroll of fog {unknown}
 v - a scroll of fear {unknown}
Potions
 m - a potion of degeneration {unknown}
 p - a potion of curing {unknown}
 s - a potion of ambrosia {unknown}
 u - a potion of berserk rage {unknown}


   Skills:
 * Level 1.3 Fighting
 * Level 0.5 Armour
 * Level 2.6 Dodging
 * Level 2.4 Stealth
 * Level 2.2 Unarmed Combat
 + Level 1.8 Spellcasting
 + Level 1.1 Conjurations
 - Level 2.4 Fire Magic


You had 5 spell levels left.
You knew the following spells:

 Your Spells              Type           Power      Damage    Failure   Level
a - Foxfire               Conj/Fire      16%        2x1d4     36%         1

Your spell library contained the following spells:

 Spells                   Type           Power      Damage    Failure   Level
 Scorch                   Fire           10%        2d6       41%         2
 Conjure Flame            Conj/Fire      4%         6-21      75%         3
 Inner Flame              Hex/Fire       3%         N/A       82%         3
 Flame Wave               Conj/Fire      4%         2d5       98%         4
 Conjure Ball Lightning   Conj/Air       1%         3x3d6     100%        6
 Discord                  Hex            0%         N/A       100%        8
 Disjunction              Tloc           0%         N/A       100%        8


Dungeon Overview and Level Annotations

Branches:
Dungeon (3/15)

Altars:
Xom

Annotations:
D:1 exclusion: downstairs
D:2 Terence


Innate Abilities, Weirdness & Mutations

You thrive by killing the living.
You are immune to poison.
You have sharp fingernails.
Your flesh is cold resistant. (rC+)
You are immune to negative energy. (rN+++)
You do not regenerate when monsters are visible.
You are immune to unholy pain and torment.


Message History

Terence hits you with a +0 mace.
You scratch Terence.
Terence is moderately wounded.
Terence hits you with a +0 mace.
You barely miss Terence.
Terence is moderately wounded.
Terence hits you with a +0 mace.
You scratch Terence.
Terence is severely wounded.
Terence hits you with a +0 mace.
You barely miss Terence.
Terence is severely wounded.
Terence hits you but does no damage.
You scratch Terence but do no damage.
Terence is severely wounded.
Terence barely misses you.
You scratch Terence but do no damage.
Terence is severely wounded.
Terence hits you with a +0 mace.
You closely miss Terence.
Terence is severely wounded.
Terence hits you with a +0 mace!
* * * LOW HITPOINT WARNING * * *
You scratch Terence but do no damage.
Terence is severely wounded.
Terence barely misses you.
You closely miss Terence.
Terence is severely wounded.
Terence hits you with a +0 mace.
* * * LOW HITPOINT WARNING * * *
You scratch Terence.
Terence is almost dead.
Terence hits you with a +0 mace.
* * * LOW HITPOINT WARNING * * *
You closely miss Terence.
Terence is almost dead.
You scratch Terence.
Terence is almost dead.
Terence hits you with a +0 mace.
You die...

#...#.#..# #.#
##.#.#.#.#..# #.#
#..#.#.#.#.## #.#
#..#.#...#.# #.#
#..#.#####.# #.#
#..#.......#
########.#
#..#.#####.#
#........#
#####..#.#...#.#
#.########
#<.....#.#.#@#.# #.#
#####..#.#.#@#.###.#
##.#...#.#.@##.#
######
#.#####.#...@.#
.....#
#..@....#.###.#
####.#
#.#####.#.###<#
#.#####.# #.#..†..#
#.......# #.#.#####
#######.# #.#.#


You could see Terence.

Vanquished Creatures
  Jessica (D:2)
  An orc (D:2)
  2 ball pythons
  4 bats (D:1)
  5 endoplasms
  A giant cockroach (D:3)
  7 goblins
  5 hobgoblins (D:1)
  8 jackals (D:1)
  A frilled lizard (D:1)
  7 kobolds
  6 rats
48 creatures vanquished.

Notes
Turn   | Place    | Note
-------+----------+-------------------------------------------
     0 | D:1      | Acheron the Ghoul Fire Elementalist began the quest for the
                  | Orb.
     0 | D:1      | Reached XP level 1. HP: 14/14 MP: 2/2
   108 | D:1      | Reached XP level 2. HP: 20/22 MP: 3/3
   203 | D:1      | Reached skill level 1 in Fighting
   204 | D:1      | Reached skill level 1 in Conjurations
   253 | D:1      | Reached skill level 1 in Unarmed Combat
   300 | D:1      | Reached XP level 3. HP: 28/28 MP: 4/4
   600 | D:2      | Noticed Terence
  1209 | D:2      | Found a faded altar of an unknown god.
  1221 | D:2      | Prayed at the altar of an unknown god.
  1221 | D:2      | Became a worshipper of Xom of Chaos
  1302 | D:2      | Reached XP level 4. HP: 35/35 MP: 5/5
  1334 | D:2      | Noticed Jessica
  1345 | D:2      | Killed Jessica
  1346 | D:2      | Identified a scroll of acquirement
  1346 | D:2      | Acquired a +5 mace of protection
  1365 | D:2      | Slain by Terence

Illustrated notes

Levels and vault maps discovered:
D:1:      minmay_arrival_hallway, layout_rooms, solitary_fountain
D:2:      layout_loops_ring, hellmonk_ecumenical_altar_blasted,
          roderic_lattice_a, wad_floor_pattern_1, dk_vineyard_1, uniq_terence,
          uniq_jessica
D:3:      layout_loops_cross, uniq_natasha

Skill      XL: |  1  2  3  4 |
---------------+-------------+-----
Dodging        | 2 |  2.6
Fighting       | 1 |  1.3
Conjurations   | 1 |  1.1
Unarmed Combat | 1 2 |  2.2
Armour         | |  0.5
Stealth        | |  2.4
Spellcasting   | |  1.8
Fire Magic     | |  2.4

Action                   |  1- 3 |  4- 6 || total
-------------------------+-------+-------++-------
Melee: Unarmed           |   206 |    26 ||   232
       Punch             |     3 |       ||     3
  Use: Scroll            |       |     1 ||     1
Armor: Robe              |    20 |       ||    20
       Ring mail         |    74 |     4 ||    78
Dodge: Dodged            |   130 |    10 ||   140
